 Dungeon Sprint DCSS version 0.31.0-32-g396128a36d (webtiles) character file.

Game seed: 550692587649227328

4342 boopmooplesden the Stickfighter (level 10, -4/101 HPs)
             Began as a Minotaur Gladiator on Mar 22, 2024.
             Was the Champion of Trog.
             Slain by an alligator snapping turtle (22 damage)
             ... in the Dungeon (Sprint VII: "The Pits").
             The game lasted 00:03:34 (1094 turns).

boopmooplesden the Stickfighter (MiGl)              Turns: 1094, Time: 00:03:35

Health: -4/101     AC: 18    Str: 26    XL:     10   Next: 12%
Magic:  9/9        EV: 12    Int:  8    God:    Trog [******]
Gold:   0          SH:  0    Dex: 12    Spells: 9/9 levels left

rFire   . . .        y - +0 lajatang (speed)
rCold   . . .        (shield currently unavailable)
rNeg    . . .        p - +2 plate armour
rPois   .            c - +0 hat
rElec   .            s - +0 cloak
rCorr   .            (no gloves)
SInv    .            (no boots)
Will    .....        (no amulet) Stlth
                     u - +3 ring of strength
HPRegen 0.36/turn    v - +3 ring of intelligence
MPRegen 0.11/turn

%: no teleportation
@: mesmerised, hasted, very quick
A: horns 2, retaliatory headbutt
a: Renounce Religion, Berserk, Trog's Hand, Brothers in Arms


You were in the Dungeon.
You worshipped Trog.
Trog was exalted by your worship.
You visited 1 branch

Inventory:

Hand Weapons
 a - a +0 quarterstaff
 l - a +2 quarterstaff
 q - a +2 quarterstaff of protection
 r - a +3 quarterstaff of chaos
 t - a +0 lajatang
 y - a +0 lajatang of speed (weapon)
 z - a +3 quarterstaff of flaming
Missiles
 d - 3 throwing nets (quivered)
 e - a javelin
Armour
 b - a +0 leather armour
 c - a +0 hat (worn)
 p - a +2 plate armour (worn)
 s - a +0 cloak (worn)
Jewellery
 u - a +3 ring of strength (left hand)
 v - a +3 ring of intelligence (right hand)
Scrolls
 k - a scroll of blinking
 n - 2 scrolls of vulnerability
 o - a scroll of butterflies
Potions
 f - 8 potions of curing
 g - 7 potions of heal wounds
 h - a potion of haste
 i - 4 potions of magic
 j - 4 potions of berserk rage
 m - 2 potions of invisibility
 w - a potion of resistance
 x - a potion of mutation


   Skills:
 + Level 13.4 Fighting
 + Level 17.8 Staves
 + Level 5.5 Throwing
 + Level 10.8 Armour
 + Level 12.4 Dodging
 + Level 1.8 Stealth


You had 9 spell levels left.
You didn't know any spells.
Your spell library was empty.

Dungeon Overview and Level Annotations

Branches:
Dungeon (1/1)

Altars:
Cheibriados
Dithmenos
Elyvilon
Fedhas
Gozag
Hepliaklqana
Makhleb
Nemelex Xobeh
Okawaru
Qazlal
Ru
Sif Muna
Trog
Vehumet
Wu Jian
Xom
Yredelemnul
Zin
The Shining One
Jiyva
Lugonu


Innate Abilities, Weirdness & Mutations

You have a pair of horns on your head.
You reflexively headbutt those who attack you in melee.


Message History

You see here a +4 quarterstaff of flaming.
The troll leather armour is intact enough to wear.
The snapping turtle bites you but does no damage.
The merfolk avatar chants its luring song.
Your Fighting skill increases to level 13!
You have reached level 10!
The pull of its song draws you forwards.
A swamp drake comes into view.
The alligator snapping turtle bites you from afar!
You slice the merfolk avatar!!
The merfolk avatar is moderately wounded.
The merfolk avatar chants its luring song.
The snapping turtle bites you!!
You closely miss the merfolk avatar. You headbutt the merfolk avatar.
The merfolk avatar is moderately wounded.
The merfolk avatar chants its luring song.
You closely miss the merfolk avatar.
The merfolk avatar is moderately wounded.
The alligator snapping turtle bites you from afar!
* * * LOW HITPOINT WARNING * * *
You barely miss the merfolk avatar.
Your headbutt misses the merfolk avatar.
The merfolk avatar is moderately wounded.
The merfolk avatar chants its luring song.
You closely miss the merfolk avatar. You headbutt the merfolk avatar!
The merfolk avatar is heavily wounded.
The merfolk avatar chants its luring song.
You slash the merfolk avatar!
The merfolk avatar is severely wounded.
The snapping turtle bites you.
* * * LOW HITPOINT WARNING * * *
You hit the merfolk avatar but do no damage.
You headbutt the merfolk avatar.
The merfolk avatar is severely wounded.
The pull of its song draws you forwards.
You completely miss the snapping turtle.
You headbutt the snapping turtle, but do no damage.
The merfolk avatar chants its luring song.
The alligator snapping turtle bites you!!
You die...

##...##.'...'.##
##..##..##'##..##...#
##..#..##.†.##..+...#
##..#).#.....#..#...#
##..'..+.....'..+.m.+
##..#..#.....#..#.k.#
##.)#..##...##..+...#
##..##..##'##..##t..##
##...##.+..†'.##@ty..#
##....###...###[.m#...#
##......#...'..).## ..#
################## #


You could see an alligator snapping turtle, 2 merfolk avatars, a snapping
turtle, a swamp drake and a vampire mosquito.

Vanquished Creatures
  A deep troll (D)
  A flayed ghost (D)
  An elephant (D)
  A molten gargoyle (D)
  An efreet (D)
  A cane toad (D)
  A troll (D)
  A hellwing (D)
  A glass eye (D)
  A shadow (D)
  A wraith (D)
  A fire bat (D)
  A warg (D)
  2 redbacks (D)
  Duvessa (D)
  A swamp drake (D)
  2 laughing skulls (D)
  A phantom (D)
  Dowan (D)
  A gnoll bouda (D)
  An orc priest (D)
  Crazy Yiuf (D)
  2 orc wizards (D)
  2 gnolls (D)
  3 river rats (D)
  A dart slug (D)
  2 orcs (D)
  An endoplasm (D)
  A giant cockroach (D)
  3 goblins (D)
  A hobgoblin (D)
  3 jackals (D)
  A quokka (D)
  2 ball python zombies (D)
  A frilled lizard (D)
47 creatures vanquished.

Notes
Turn   | Place    | Note
-------+----------+-------------------------------------------
     0 | D        | boopmooplesden the Minotaur Gladiator began the quest for
                  | the Orb.
     0 | D        | Reached XP level 1. HP: 18/18 MP: 0/0
    16 | D        | Reached skill level 4 in Staves
    16 | D        | Reached XP level 2. HP: 16/25 MP: 1/1
    18 | D        | Found a bloodstained altar of Trog.
    18 | D        | Found a shimmering blue altar of Sif Muna.
    18 | D        | Found a viscous altar of Jiyva.
    18 | D        | Found a hazy altar of Hepliaklqana.
    18 | D        | Found an opulent altar of Gozag.
    19 | D        | Found a glowing golden altar of the Shining One.
    19 | D        | Found a glowing silver altar of Zin.
    19 | D        | Found a basalt altar of Yredelemnul.
    19 | D        | Found a shimmering altar of Xom.
    19 | D        | Found an ornate altar of the Wu Jian Council.
    19 | D        | Found a sacrificial altar of Ru.
    19 | D        | Found a stormy altar of Qazlal.
    19 | D        | Found an iron altar of Okawaru.
    19 | D        | Found a sparkling altar of Nemelex Xobeh.
    19 | D        | Found a burning altar of Makhleb.
    19 | D        | Found a blossoming altar of Fedhas.
    19 | D        | Found a white marble altar of Elyvilon.
    19 | D        | Found a shadowy altar of Dithmenos.
    19 | D        | Found a snail-covered altar of Cheibriados.
    22 | D        | Found a corrupted altar of Lugonu.
    22 | D        | Found a radiant altar of Vehumet.
    23 | D        | Became a worshipper of Trog the Wrathful
    61 | D        | Reached skill level 5 in Staves
    63 | D        | Reached * piety under Trog
    67 | D        | Reached skill level 5 in Dodging
   111 | D        | Reached ** piety under Trog
   118 | D        | Noticed a fire bat
   118 | D        | Noticed a glass eye
   123 | D        | Killed a fire bat
   124 | D        | Reached skill level 5 in Fighting
   124 | D        | Reached skill level 8 in Staves
   124 | D        | Reached XP level 3. HP: 31/36 MP: 2/2
   124 | D        | Reached XP level 4. HP: 37/42 MP: 3/3
   124 | D        | Reached XP level 5. HP: 42/48 MP: 4/4
   131 | D        | Killed a glass eye
   131 | D        | Reached *** piety under Trog
   132 | D        | Reached skill level 10 in Staves
   132 | D        | Reached skill level 1 in Armour
   132 | D        | Reached XP level 6. HP: 51/58 MP: 5/5
   359 | D        | Noticed a warg
   359 | D        | Noticed Crazy Yiuf
   366 | D        | Killed a warg
   367 | D        | Reached skill level 11 in Staves
   367 | D        | Reached skill level 10 in Dodging
   372 | D        | Noticed Duvessa
   372 | D        | Noticed Dowan
   373 | D        | Reached **** piety under Trog
   376 | D        | Reached skill level 12 in Staves
   376 | D        | Reached XP level 7. HP: 66/66 MP: 6/6
   377 | D        | Killed Crazy Yiuf
   380 | D        | Killed Duvessa
   380 | D        | Reached ***** piety under Trog
   386 | D        | Killed Dowan
   387 | D        | Reached skill level 5 in Throwing
   419 | D        | Reached skill level 13 in Staves
   421 | D        | Noticed a hellwing
   436 | D        | Killed a hellwing
   436 | D        | Received a gift from Trog
   437 | D        | Reached XP level 8. HP: 63/75 MP: 7/7
   578 | D        | Noticed a troll
   578 | D        | Noticed an efreet
   589 | D        | Killed an efreet
   590 | D        | Reached skill level 14 in Staves
   604 | D        | Killed a troll
   605 | D        | Reached skill level 5 in Armour
   605 | D        | Reached ****** piety under Trog
   726 | D        | Reached skill level 10 in Fighting
   733 | D        | Noticed a flayed ghost
   742 | D        | Killed a flayed ghost
   742 | D        | Received a gift from Trog
   743 | D        | Reached skill level 15 in Staves
   743 | D        | Reached skill level 1 in Stealth
   743 | D        | Reached XP level 9. HP: 86/86 MP: 8/8
   743 | D        | Noticed an elephant
   750 | D        | Killed an elephant
   751 | D        | Reached skill level 16 in Staves
   784 | D        | Noticed a molten gargoyle
   797 | D        | Killed a molten gargoyle
   991 | D        | Noticed a cane toad
   994 | D        | Killed a cane toad
   994 | D        | Received a gift from Trog
   995 | D        | Reached skill level 17 in Staves
  1033 | D        | Reached skill level 10 in Armour
  1076 | D        | Noticed a merfolk avatar
  1077 | D        | Noticed an alligator snapping turtle
  1077 | D        | Noticed a deep troll
  1079 | D        | Noticed a merfolk avatar
  1085 | D        | Killed a deep troll
  1085 | D        | Received a gift from Trog
  1086 | D        | Reached XP level 10. HP: 61/101 MP: 9/9
  1094 | D        | Slain by an alligator snapping turtle

Illustrated notes

Levels and vault maps discovered:
D:        pitsprint [storerooms_1, entrance_room_1, metal_vault_6, armoury_2,
          mini_pit_1, grid_room_1, main_hall_1, silver_pit, the_coven_3,
          the_vestibule_1, steel_vault_4, golden_pit, hallway_of_sentries,
          crystal_vault_5, iron_vault_3, final_vault]

Skill      XL: |  1  2  3  4  5  6  7  8  9 |
---------------+----------------------------+-----
Staves         | 4 8 10 12 13 15 17 | 17.8
Dodging        | 4 7 9 10 11 12 | 12.4
Fighting       | 5 6 7 8 10 13 | 13.4
Throwing       | 3 4 5 |  5.5
Armour         | 1 2 3 7 10 | 10.8
Stealth        | 1 |  1.8

Action                     |  1- 3 |  4- 6 |  7- 9 | 10-12 || total
---------------------------+-------+-------+-------+-------++-------
  Melee: Quarterstaff      |    21 |    19 |    58 |       ||    98
         Headbutt          |     3 |     2 |    26 |     4 ||    35
         Lajatang          |       |       |    56 |     8 ||    64
 Invoke: Berserk           |     1 |     1 |     2 |       ||     4
    Use: Potion            |       |       |     2 |       ||     2
 Armour: Leather armour    |    12 |     1 |       |       ||    13
         Plate armour      |       |     4 |    83 |     5 ||    92
  Dodge: Dodged            |    12 |     7 |    38 |       ||    57
